 Dungeon Sprint DCSS version 0.28.0-53-g5a82cb258f (webtiles) character file.

Game seed: 11080643031799736068

696 Zeld the Fighter (level 7, -7/108 HPs)
             Began as a Minotaur Berserker on May 24, 2022.
             Was an Elder of Trog.
             Mangled by an ogre
             ... wielding a +0 giant club
              (15 damage)
             ... in the Dungeon (Sprint V: "Ziggurat Sprint").
             The game lasted 00:01:04 (895 turns).

Zeld the Fighter (Minotaur Berserker)                Turns: 895, Time: 00:01:05

Health: -7/108     AC: 20    Str: 36    XL:     7   Next: 37%
Magic:  6/6        EV:  4    Int:  4    God:    Trog [****..]
Gold:   0          SH: 16    Dex:  9    Spells: 6/6 levels left

rFire   + . .      SeeInvis +   x - +14 obsidian axe {vorpal, Mesm Drain Fly SInv}
rCold   + . .      Faith    .   i - +3 tower shield
rNeg    . . .      Spirit   .   a - +5 gold dragon scales
rPois   +          Reflect  .   (helmet restricted)
rElec   .          Harm     .   (no cloak)
rCorr   .          Rampage  .   (no gloves)
Will    .....      NoTele   +   (no boots)
Stlth   ..........              (no amulet)
HPRegen 0.28/turn               u - +6 ring of strength
MPRegen 0.10/turn               v - +6 ring of strength

@: berserking, flying, mesmerised, very quick
A: horns 2, retaliatory headbutt
a: Renounce Religion, Berserk, Trog's Hand, Brothers in Arms


You were in the Dungeon.
You worshipped Trog.
Trog was greatly pleased with you.
You visited 1 branch

Inventory:

Hand Weapons
 x - the +14 obsidian axe (weapon) {vorpal, Mesm Drain Fly SInv}
   (You found it in the Dungeon)

   It inflicts extra damage upon your enemies.
   It occasionally summons demons to assist the wielder when it strikes in
   combat.
   Its wielder is mesmerised by any visible foes.
   It cannot be unequipped while any foes are visible.
   SInv:      It lets you see invisible.
   Fly:       It grants you flight.
   Drain:     It drains your maximum health when unequipped.
Armour
 a - +5 gold dragon scales (worn)
 i - a +3 tower shield (worn)
Jewellery
 p - a ring of see invisible
 u - a +6 ring of strength (left hand)
 v - a +6 ring of strength (right hand)
Wands
 r - a wand of mindburst (7)
 s - a wand of iceblast (7)
 t - a wand of acid (7)
Scrolls
 h - 4 scrolls of blinking
 j - 7 scrolls of fog
 k - a scroll of holy word
 l - 5 scrolls of identify
 m - 2 scrolls of fear
Potions
 c - 10 potions of curing
 d - 10 potions of heal wounds
 e - 6 potions of haste
 f - 7 potions of magic
 g - 3 potions of berserk rage
 n - 2 potions of invisibility
 o - 4 potions of resistance
 q - 5 potions of might
Miscellaneous
 b - a box of beasts
 w - a lightning rod (4/4)
 y - a condenser vane


   Skills:
 * Level 10.0 Fighting
 * Level 10.0 Axes
 + Level 7.0 Armour
 + Level 6.3 Dodging
 + Level 6.3 Shields
 * Level 7.1 Evocations


You had 6 spell levels left.
You didn't know any spells.
Your spell library was empty.

Dungeon Overview and Level Annotations

Branches:
Dungeon (1/1)

Altars:
Ashenzari
Cheibriados
Dithmenos
Elyvilon
Fedhas
Gozag
Hepliaklqana
Kikubaaqudgha
Makhleb
Nemelex Xobeh
Okawaru
Qazlal
Ru
Sif Muna
Trog
Uskayaw
Vehumet
Wu Jian
Xom
Yredelemnul
Zin
The Shining One
Beogh
Jiyva
Lugonu

Annotations:
D 1 transporter


Innate Abilities, Weirdness & Mutations

You have a pair of horns on your head.
You reflexively headbutt those who attack you in melee.


Message History

You start waiting.
Done waiting.
There is a transporter here.
Welcome to arena 5.
You enter the transporter and appear at another place.
An ogre, a cyclops and 3 two-headed ogres come into view.
Visions of slaying the cyclops flood into your mind.
The ogre shouts!
The two-headed ogre shouts in stereo!
The cyclops shouts!
The two-headed ogre shouts in stereo!
Found five items.
Found a transporter.
Unknown command.
Unknown command.
You barely miss the cyclops. You headbutt the cyclops!
The cyclops is lightly wounded.
You slice the two-headed ogre!!
Visions of slaying the two-headed ogre flood into your mind.
The two-headed ogre hits you with a +0 giant spiked club!
You block the two-headed ogre's attack. The cyclops hits you!
Unknown command.
You slash the two-headed ogre! You open a gate to Pandemonium!
A demon appears!
It doesn't seem very happy.
The two-headed ogre is severely wounded.
You slash the two-headed ogre! You slice the cyclops!!
You block the two-headed ogre's attack.
The two-headed ogre hits you with a +0 giant club!
You block the two-headed ogre's attack. x2; You block the cyclops's attack.
The ogre hits you with a +0 giant club!
The two-headed ogre hits you with a +0 giant club.
* * * LOW HITPOINT WARNING * * *
The two-headed ogre hits you with a +0 giant club!
* * * LOW HITPOINT WARNING * * *
You are too injured to fight recklessly!
Unknown command.
A red film seems to cover your vision as you go berserk!
You feel yourself moving faster!
You feel mighty!
Visions of slaying the two-headed ogre flood into your mind.
You block the cyclops's attack.
The orange demon stings you but does no damage.
The ogre hits you with a +0 giant club!
You die...

▓.....▓.....▓..©..▓
▓..©..▓..©..▓▓▓▓▓▓▓
▓▓▓▓▓▓▓▓▓▓▓▓▓▓▓▓▓▓▓
▓..8©8...▓..8©8...▓
▓...[)...▓..:=[...▓
▓........▓..|.:...▓
▓........▓........▓
▓..)÷....▓..COO...▓
▓.▓....▓.▓.▓O@O.▓.▓
▓...©....▓.4.©....▓
▓▓▓▓▓▓▓▓▓▓▓▓▓▓▓▓▓▓▓


You could see 3 two-headed ogres, an orange demon (summoned), a cyclops and an
ogre.

Vanquished Creatures
  A spriggan (D)
  A golden eye (D)
  A naga (D)
  A black bear (D)
  A wolf (D)
  3 jellies (D)
  An iguana (D)
  An adder (D)
  A jackal (D)
  2 ball pythons (D)
13 creatures vanquished.

Notes
Turn   | Place    | Note
-------+----------+-------------------------------------------
     0 | D        | Zeld the Minotaur Berserker began the quest for the Orb.
     0 | D        | Reached XP level 1. HP: 19/19 MP: 0/0
     4 | D        | Found a blossoming altar of Fedhas.
     4 | D        | Found the +6 Majin-Bo {vamp, MP+6 Int+6}
     4 | D        | Found the +9 heavy crossbow "Sniper" {vorpal, Acc+∞ SInv}
     4 | D        | Found the +10 dark maul {vorpal}
     4 | D        | Found the +15 Maxwell's patent armour {-Cast -Tele rElec
                  | Will+ rCorr}
     4 | D        | Found the +18 shield of the Gong {rElec rN+ Will+ EV-5}
     4 | D        | Found the +14 obsidian axe {vorpal, Mesm Drain Fly SInv}
     4 | D        | Found the +7 great mace "Firestarter" {inner flame, rF++}
     4 | D        | Found the +6 shillelagh "Devastator" {shatter}
     4 | D        | Found the +11 plutonium sword {Contam Stlth-}
     4 | D        | Found the +8 lance "Wyrmbane" {slay drac, rPois rF+ rC+
                  | AC+3}
     4 | D        | Found the +9 sword of Zonguldrok {reap}
     4 | D        | Found the +13 scythe of Curses {drain, Drain}
     4 | D        | Found the +5 sword of Power {vorpal}
     4 | D        | Found the +7 mace of Variability {chain chaos}
     4 | D        | Found the +7 Singing Sword {vorpal, sonic wave}
     4 | D        | Found the +8 storm bow {elec, penet}
     6 | D        | Found a viscous altar of Jiyva.
     6 | D        | Found a hazy altar of Hepliaklqana.
     6 | D        | Found a transporter.
     6 | D        | Found an opulent altar of Gozag.
     6 | D        | Found an ancient bone altar of Kikubaaqudgha.
     6 | D        | Found a corrupted altar of Lugonu.
     8 | D        | Found a burning altar of Makhleb.
     9 | D        | Found a sacrificial altar of Ru.
     9 | D        | Found a shimmering blue altar of Sif Muna.
     9 | D        | Found a stormy altar of Qazlal.
     9 | D        | Found a bloodstained altar of Trog.
     9 | D        | Found an iron altar of Okawaru.
     9 | D        | Found a sparkling altar of Nemelex Xobeh.
   105 | D        | Reached skill level 5 in Fighting
   105 | D        | Reached skill level 5 in Axes
   105 | D        | Reached XP level 2. HP: 29/29 MP: 1/1
   110 | D        | Entered arena 2.
   110 | D        | Noticed a spriggan
   110 | D        | Noticed a black bear
   110 | D        | Found a transporter.
   116 | D        | Killed a spriggan
   117 | D        | Reached skill level 5 in Armour
   117 | D        | Reached XP level 3. HP: 18/39 MP: 2/2
   117 | D        | Reached XP level 4. HP: 22/47 MP: 3/3
   117 | D        | Reached XP level 5. HP: 24/52 MP: 4/4
   118 | D        | Killed a black bear
   119 | D        | Reached skill level 5 in Dodging
   119 | D        | Reached skill level 5 in Evocations
   310 | D        | Entered arena 3.
   310 | D        | Noticed a wolf
   310 | D        | Found a transporter.
   312 | D        | Reached ** piety under Trog
   314 | D        | Killed a wolf
   315 | D        | Reached skill level 5 in Shields
   315 | D        | Reached XP level 6. HP: 62/62 MP: 5/5
   324 | D        | Entered arena 4.
   324 | D        | Noticed a golden eye
   324 | D        | Found a transporter.
   329 | D        | Reached *** piety under Trog
   333 | D        | Killed a golden eye
   334 | D        | Reached XP level 7. HP: 68/70 MP: 6/6
   502 | D        | Entered arena 5.
   502 | D        | Found a transporter.
   505 | D        | Reached **** piety under Trog
   506 | D        | Reached skill level 10 in Fighting
   506 | D        | Reached skill level 10 in Axes
   891 | D        | Entered arena 6.
   891 | D        | Noticed a two-headed ogre
   891 | D        | Noticed a two-headed ogre
   891 | D        | Noticed a cyclops
   891 | D        | Noticed a two-headed ogre
   891 | D        | Found a transporter.
   894 | D        | Noticed an orange demon
   895 | D        | Mangled by an ogre

Illustrated notes

Levels and vault maps discovered:
D:        sprint_v [room_start, room_1, room_2, room_3, room_4, room_5, room_6,
          room_7, room_8, room_9, room_10, room_11, room_12, room_13, room_14,
          room_15, room_16, room_17, room_18, room_19, room_20, room_21,
          room_22, room_23, room_24, room_25, room_26, room_27]

Skill      XL: |  1  2  3  4  5  6  7 |
---------------+----------------------+-----
Fighting       | 5 7 8 9 10 | 10.0
Axes           | 5 7 8 9 10 | 10.0
Armour         | 3 5 6 7 |  7.0
Dodging        | 3 4 5 6 |  6.3
Shields        | 2 4 5 6 |  6.3
Evocations     | 2 4 5 6 7 |  7.1

Action                   |  1- 3 |  4- 6 |  7- 9 || total
-------------------------+-------+-------+-------++-------
Melee: Broad axe         |     6 |    11 |     4 ||    21
       Headbutt          |       |     1 |     1 ||     2
Invok: Berserk           |       |       |     1 ||     1
  Use: Potion            |     1 |       |       ||     1
Armor: Gold dragon scale |    15 |     5 |     3 ||    23
Dodge: Dodged            |     2 |     2 |       ||     4
Block: Tower shield      |    14 |     7 |     8 ||    29
